 Dungeon Crawl Stone Soup version 0.29-a0-1033-gb6c65ffae6 (webtiles) character file.

Game seed: 14780052892043694385

8855 2Prout the Carver (level 11, -5/97 HPs)
             Began as a Minotaur Fighter on Aug 14, 2022.
             Was an Elder of Trog.
             Slain by a 12-headed hydra (9 damage)
             ... on level 9 of the Dungeon.
             The game lasted 00:29:24 (8545 turns).

2Prout the Carver (Minotaur Fighter)                Turns: 8545, Time: 00:29:25

Health: -5/97      AC: 19    Str: 30    XL:     11   Next: 15%
Magic:  10/10      EV:  8    Int:  5    God:    Trog [****..]
Gold:   498        SH:  0    Dex: 17    Spells: 10/10 levels left

rFire   . . .      SeeInvis .   f - +7 demon blade (elec)
rCold   . . .      Faith    .   c - +0 buckler
rNeg    . . .      Spirit   .   l - +0 plate armour
rPois   .          Reflect  +   (helmet restricted)
rElec   .          Harm     .   E - +0 cloak
rCorr   .          Rampage  .   j - +0 pair of gloves
Will    .....                   n - +1 pair of boots {Fly}
Stlth   ..........              B - amulet of reflection
HPRegen 0.26/turn               m - +6 ring of dexterity
MPRegen 0.12/turn               I - +6 ring of strength

@: confused, mighty, ambrosia-drunk, flying
A: horns 2, retaliatory headbutt
a: Renounce Religion, Berserk, Trog's Hand, Brothers in Arms


You were on level 9 of the Dungeon.
You worshipped Trog.
Trog was greatly pleased with you.
You visited 1 branch of the dungeon, and saw 9 of its levels.

You collected 526 gold pieces.
You donated 28 gold pieces to Zin.

Inventory:

Hand Weapons
 a - a +0 long sword
 f - a +7 demon blade of electrocution (weapon)
Armour
 b - a +0 scale mail
 c - a +0 buckler (worn)
 j - a +0 pair of gloves (worn)
 l - a +0 plate armour (worn)
 n - a +1 pair of boots of flying (worn)
 E - a +0 cloak (worn)
Jewellery
 m - a +6 ring of dexterity (left hand)
 q - an amulet of the acrobat
 y - the ring of Romaz {MP+9 EV+4 Str+3 Stlth+}
   (You found it on level 5 of the Dungeon)

   [ring of evasion]

   EV:        It affects your evasion (+4).
   Str:       It affects your strength (+3).
   MP:        It affects your magic capacity (+9).
   Stlth:     It makes you more stealthy.
 z - a ring of protection from fire
 B - an amulet of reflection (around neck)
 I - a +6 ring of strength (right hand)
Wands
 p - a wand of charming (9)
 C - a wand of roots (13)
Scrolls
 h - 2 scrolls of fog
 i - 5 scrolls of amnesia
 o - 3 scrolls of teleportation
 r - 2 scrolls of fear
 s - a scroll of silence
 v - 2 scrolls of magic mapping
 w - a scroll of immolation
 G - a scroll of blinking
Potions
 d - a potion of might
 e - 2 potions of heal wounds
 g - 4 potions of flight
 k - a potion of magic
 t - 2 potions of cancellation
 u - 7 potions of curing
 x - a potion of lignification {unknown}
 D - 3 potions of haste
 F - 2 potions of degeneration
 J - a potion of brilliance {unknown}


   Skills:
 + Level 9.4 Fighting
 + Level 14.4 Long Blades
 + Level 9.8 Armour
 + Level 1.7 Dodging
 + Level 0.9 Stealth
 + Level 8.8 Shields


You had 10 spell levels left.
You didn't know any spells.
Your spell library contained the following spells:

 Spells                   Type           Power      Damage    Failure   Level
 Sandblast                Erth           0%         2d4       99%         1
 Passwall                 Tmut/Erth      0%         N/A       100%        2
 Gell's Gravitas          Tloc           0%         N/A       100%        3
 Ozocubu's Armour         Ice            0%         N/A       100%        3
 Portal Projectile        Hex/Tloc       0%         N/A       100%        3
 Stone Arrow              Conj/Erth      0%         3d7       100%        3
 Teleport Other           Tloc           0%         N/A       100%        3
 Tukima's Dance           Hex            0%         N/A       100%        3
 Blade Hands              Tmut           0%         N/A       100%        5
 Dispersal                Tloc           0%         N/A       100%        6
 Ozocubu's Refrigeration  Ice            0%         4d7       100%        7
 Disjunction              Tloc           0%         N/A       100%        8


Dungeon Overview and Level Annotations

Branches:
Dungeon (9/15)             Temple (0/1) D:4
   Lair: D:8-11         Orc: D:9-12

Altars:
Dithmenos
Fedhas
Gozag
Hepliaklqana
Kikubaaqudgha
Okawaru
Qazlal
Trog
Uskayaw
Vehumet
Wu Jian
Yredelemnul
Zin
The Shining One

Annotations:
D:9 leavemydog's ghost, journeyman MiFi


Innate Abilities, Weirdness & Mutations

You have a pair of horns on your head.
You reflexively headbutt those who attack you in melee.


Message History

You block the 11-headed hydra's attack. x2
The 11-headed hydra bites you but does no damage.
The 11-headed hydra bites you.
The 11-headed hydra bites you but does no damage. x2
You block the 11-headed hydra's attack. The 11-headed hydra closely misses you.
The 11-headed hydra completely misses you.
The 11-headed hydra closely misses you.
You lop one of the 11-headed hydra's heads off!
The ten-headed hydra grows two more!
You slash the 12-headed hydra!
The 12-headed hydra is heavily wounded.
You block the 12-headed hydra's attack. The 12-headed hydra barely misses you.
You block the 12-headed hydra's attack.
The 12-headed hydra bites you but does no damage.
You block the 12-headed hydra's attack. The 12-headed hydra bites you!
You block the 12-headed hydra's attack.
The 12-headed hydra bites you but does no damage. x2
The 12-headed hydra bites you! The 12-headed hydra bites you.
The 12-headed hydra bites you!
You feel much better.
The yaktaur drinks a potion.
The yaktaur seems to speed up.
You block the 12-headed hydra's attack. The 12-headed hydra bites you.
The 12-headed hydra barely misses you.
The 12-headed hydra bites you but does no damage. x2
The 12-headed hydra bites you.
The 12-headed hydra bites you but does no damage.
The 12-headed hydra bites you! You block the 12-headed hydra's attack.
The 12-headed hydra bites you!
* * * LOW HITPOINT WARNING * * *
The 12-headed hydra bites you but does no damage. x2
You are confused.
You feel invigorated. The 12-headed hydra closely misses you.
The 12-headed hydra bites you!
* * * LOW HITPOINT WARNING * * *
The 12-headed hydra bites you!
* * * LOW HITPOINT WARNING * * *
The 12-headed hydra bites you.
* * * LOW HITPOINT WARNING * * *
The 12-headed hydra closely misses you.
The 12-headed hydra bites you but does no damage.
The 12-headed hydra barely misses you. x3; The 12-headed hydra bites you!
You die...

#.# #.# #..####..##### #.#
####.###.......#..... #.####
#...........#†###.### #....#
#.##.###...#)## ##... ####.#
#.##.####.###)###.### #.#
#.##.........).#>## #.#
##.##............## #.#
#.c.....##.#####.#
#.#####..##@#.##.#####.# ##
#....<#.[WD#####...<...# #.
#####....F##∩8∩############.
##.....#$.$!.#...........
#......'$...8############
#.#....'$_8.∩#
#.....)'..?.8#
###....#$....# #....##∩8.##


You could see a 12-headed hydra, a yaktaur (fast), a bullfrog and leavemydog's
ghost.

Vanquished Creatures
  Pikel (D:4)
  An unseen horror (D:7)
  Prince Ribbit (D:9)
  A shadow (D:9)
  25 yaks
  3 wyverns
  3 water moccasins
  2 ice beasts
  2 orc warriors
  A sky beast (D:7)
  An ogre (D:4)
  3 centaurs
  A lemure (D:4)
  A phantom (D:5)
  2 bullfrogs
  2 kobold brigands
  2 necrophages
  4 scorpions
  3 wights (D:8)
  16 killer bees
  4 jellies
  10 orc priests
  3 gnoll boudas
  3 hounds (D:5)
  5 iguanas
  8 orc wizards
  7 gnolls
  10 adders
  A shadow imp (D:6)
  An ufetubus (D:5)
  2 worms
  4 dart slugs
  44 orcs
  3 ball pythons
  6 endoplasms
  3 giant cockroaches
  9 goblins
  8 hobgoblins
  3 jackals (D:3)
  5 quokkas
  9 bats
  7 frilled lizards
  18 kobolds
  7 rats
255 creatures vanquished.

Vanquished Creatures (others)
  2 fungi (D:4)
  4 plants (D:4)
6 creatures vanquished.

Grand Total: 261 creatures vanquished

Notes
Turn   | Place    | Note
-------+----------+-------------------------------------------
     0 | D:1      | 2Prout the Minotaur Fighter began the quest for the Orb.
     0 | D:1      | Reached XP level 1. HP: 19/19 MP: 0/0
   152 | D:1      | Reached XP level 2. HP: 26/27 MP: 1/1
   570 | D:1      | Reached XP level 3. HP: 33/33 MP: 2/2
   576 | D:1      | Found a faded altar of an unknown god.
   763 | D:2      | Reached skill level 3 in Long Blades
   880 | D:2      | Reached XP level 4. HP: 20/40 MP: 3/3
  1116 | D:2      | Reached skill level 4 in Long Blades
  1371 | D:2      | Reached skill level 1 in Dodging
  1833 | D:3      | Reached XP level 5. HP: 35/46 MP: 4/4
  2349 | D:3      | Reached skill level 5 in Long Blades
  2349 | D:3      | Reached skill level 5 in Armour
  2516 | D:3      | Identified 2 scrolls of acquirement
  2518 | D:3      | Acquired a +4 demon blade of electrocution
  2521 | D:3      | Acquired a +0 pair of boots of flying
  2640 | D:4      | Found a hazy altar of Hepliaklqana.
  2643 | D:4      | Found an ancient bone altar of Kikubaaqudgha.
  2644 | D:4      | Found a bloodstained altar of Trog.
  2644 | D:4      | Found a basalt altar of Yredelemnul.
  2645 | D:4      | Found a glowing silver altar of Zin.
  2646 | D:4      | Found an ornate altar of the Wu Jian Council.
  2661 | D:4      | Reached XP level 6. HP: 36/53 MP: 5/5
  2666 | D:4      | Became a worshipper of Zin the Law-Giver
  2666 | D:4      | Reached * piety under Zin
  2820 | D:4      | Reached ** piety under Zin
  2844 | D:4      | Was placed under penance by Zin
  2927 | D:4      | Fell from the grace of Zin
  2927 | D:4      | Became a worshipper of Trog the Wrathful
  2943 | D:4      | Found a staircase to the Ecumenical Temple.
  3228 | D:4      | Found a radiant altar of Vehumet.
  3329 | D:4      | Found a shadowy altar of Dithmenos.
  3518 | D:4      | Noticed Pikel
  3527 | D:4      | Killed Pikel
  3528 | D:4      | Reached skill level 5 in Fighting
  3528 | D:4      | Reached skill level 7 in Long Blades
  3528 | D:4      | Reached XP level 7. HP: 56/61 MP: 6/6
  3597 | D:4      | Found a stormy altar of Qazlal.
  3603 | D:4      | Found a blossoming altar of Fedhas.
  3622 | D:4      | Reached skill level 5 in Shields
  3899 | D:4      | Reached * piety under Trog
  3983 | D:5      | Entered Level 5 of the Dungeon
  3992 | D:5      | Reached XP level 8. HP: 68/69 MP: 7/7
  4075 | D:5      | Reached skill level 8 in Long Blades
  4282 | D:5      | Found a hide-covered altar of Uskayaw.
  4291 | D:5      | Reached skill level 9 in Long Blades
  4441 | D:5      | Reached ** piety under Trog
  4606 | D:5      | Identified the ring of Romaz {MP+9 EV+4 Str+3 Stlth+}
  4986 | D:6      | Reached XP level 9. HP: 78/78 MP: 8/8
  4990 | D:6      | Reached skill level 10 in Long Blades
  5452 | D:6      | Reached skill level 11 in Long Blades
  5753 | D:7      | Reached *** piety under Trog
  6305 | D:7      | Killed an unseen horror
  6451 | D:7      | Reached XP level 10. HP: 86/86 MP: 9/9
  6732 | D:8      | Reached skill level 12 in Long Blades
  7605 | D:9      | Reached **** piety under Trog
  7610 | D:9      | Reached skill level 13 in Long Blades
  7710 | D:9      | Found a runed translucent gate.
  7711 | D:9      | Found a runed translucent gate.
  7712 | D:9      | Found a runed translucent gate.
  7734 | D:9      | Found an opulent altar of Gozag.
  7735 | D:9      | Noticed leavemydog's ghost (journeyman MiFi)
  7738 | D:9      | Noticed a seven-headed hydra
  7779 | D:9      | Noticed Prince Ribbit
  7784 | D:9      | Killed Prince Ribbit
  7785 | D:9      | Reached skill level 14 in Long Blades
  7814 | D:9      | Found a glowing golden altar of the Shining One.
  7900 | D:9      | Reached XP level 11. HP: 93/97 MP: 10/10
  8439 | D:9      | Found an iron altar of Okawaru.
  8545 | D:9      | HP: 4/97 [12-headed hydra (3)]
  8545 | D:9      | Slain by a 12-headed hydra

Illustrated notes

Levels and vault maps discovered:
D:1:      saegor_arrival_simple_b, layout_basic,
          shapermc_ecumenical_altar_starsandcircs
D:2:      layout_loops_ring, chequers_serial_rivers_micro_b, grunt_ministairs_12
D:3:      minmay_wonky_spiral, layout_loops_cross
D:4:      cheibrodos_old_hovel, layout_loops_corners,
          grunt_temple_overflow_forces_of_nature,
          grunt_dithmenos_smoke_and_mirrors, grunt_temple_overflow_open,
          vehumet_crystals, minmay_temple_entry_wispy, uniq_pikel
D:5:      layout_loops_cross, minmay_ruined_shrine
D:6:      layout_loops_ring
D:7:      layout_gridville
D:8:      layout_basic
D:9:      layout_loops_ring, mainiacjoe_overflow_tiny_flanked,
          nicolae_overflow_hidden_temple, ebering_ghost_gozag,
          uniq_prince_ribbit1

Skill      XL: |  1  2  3  4  5  6  7  8  9 10 |
---------------+-------------------------------+-----
Armour         | 4 5 7 8 9 |  9.8
Shields        | 4 5 6 7 8 |  8.8
Fighting       | 4 5 6 7 9 |  9.4
Long Blades    | 3 4 5 7 9 11 14 | 14.4
Dodging        | 1 |  1.7
Stealth        | |  0.9

Action                   |  1- 3 |  4- 6 |  7- 9 | 10-12 || total
-------------------------+-------+-------+-------+-------++-------
Melee: Long sword        |    77 |    89 |       |       ||   166
       Headbutt          |    13 |    19 |    34 |    29 ||    95
       Demon blade       |       |    47 |   204 |   172 ||   423
  Use: Scroll            |     3 |     5 |    11 |     6 ||    25
       Potion            |       |     1 |       |     4 ||     5
Armor: Scale mail        |    37 |    17 |       |       ||    54
       Plate armour      |       |    97 |    92 |    79 ||   268
Dodge: Dodged            |    34 |    42 |    67 |    69 ||   212
Block: Buckler           |    18 |    29 |    76 |   103 ||   226
       Reflection        |       |       |     5 |     6 ||    11

Table legend: (Time is in decaauts)
 A = Elapsed time spent in this place.
 B = Non-inter-level travel time spent in this place.
 C = Inter-level travel time spent in this place.
 D = Time resting spent in this place.
 E = Time spent auto-exploring this place.
 F = Levels seen in this place.
 G = Mean time per level.
                   A        B        C        D        E       F      G
               +--------+--------+--------+--------+--------+-----+--------+
         Total |   8502 |   7959 |    543 |   1147 |   5648 |   9 |  944.7 |
       Dungeon |   8502 |   7959 |    543 |   1147 |   5648 |   9 |  944.7 |
               +--------+--------+--------+--------+--------+-----+--------+

Top non-repeatable levels by time:
     D:4: 1364 daAuts
     D:2: 1077 daAuts
     D:5: 987 daAuts
     D:8: 986 daAuts
     D:7: 945 daAuts
     D:9: 911 daAuts
     D:3: 815 daAuts
     D:1: 772 daAuts
     D:6: 641 daAuts
